 Dungeon Sprint DCSS version 0.13-a0-2672-g649a1be (webtiles) character file.

3351 Daniel the Fencer (level 9, -4/80 HPs)
             Began as a Minotaur Fighter on Aug 11, 2013.
             Was an Elder of Okawaru.
             Slain by a vampire knight
             ... wielding a +0,+0 great sword
              (21 damage)
             ... while paralysed by a vampire knight
             ... in the Dungeon (Sprint VII: "The Pits").
             The game lasted 00:07:37 (1651 turns).

Daniel the Fencer (Minotaur Fighter)                Turns: 1651, Time: 00:07:37

HP  -4/80        AC 22     Str 25      XL: 9   Next: 71%
MP   3/3         EV  2     Int  5      God: Okawaru [****..]
Gold 20          SH  0     Dex  9      Spells:  0 memorised,  8 levels left

Res.Fire  : + . .   See Invis. : +   v - +2 scimitar of Goddil {slice, rPois rF+ SI Res.Cold : . . . Warding : . r - +2 dwarf plate armour Life Prot.: . . . Conserve : . c - +0 shield
Res.Poison: +       Res.Corr.  : .   (helmet restricted)
Res.Elec. : .       Clarity    : .   s - +0 cloak {darkness}
Sust.Abil.: . .     Spirit.Shd : .   (no gloves)
Res.Mut.  : .       Prev.Telep.: +   (no boots)
Res.Rott. : .       Flight     : .   (no amulet)
Saprovore : . . .                    (no ring)
                                     u - +3 ring of protection

@: paralysed, mildly poisoned, flayed, slightly resistant to hostile
enchantments, extremely unstealthy
A: retaliatory headbutt, horns 2
a: Heroism, Renounce Religion, Evoke Invisibility


You were in the Dungeon.
You worshipped Okawaru.
Okawaru was extremely pleased with you.
You were full.

You visited 1 branch

Inventory:

Hand weapons
 a - a +2,+1 elven long sword of holy wrath
 k - a +2,+2 morningstar of protection
 q - a +2,+2 falchion
 v - the +2,+2 scimitar of Goddil (weapon) {slice, rPois rF+ SInv}
   (You found it in the Dungeon)

   It inflicts extra damage upon your enemies.
   It protects you from fire.
   It protects you from poison.
   It enhances your eyesight.
Armour
 b - a +0 scale mail
 c - a +0 shield (worn)
 r - a +2 dwarven plate armour (worn)
 s - a +0 cloak of darkness (worn)
Magical devices
 t - a wand of enslavement (10) {unknown}
Comestibles
 d - 8 bread rations
 l - 7 meat rations
Scrolls
 j - a scroll of blinking
 n - 3 scrolls of remove curse
 o - a scroll of summoning
 p - 2 scrolls of vulnerability
Jewellery
 u - a +3 ring of protection (left hand)
Potions
 e - 6 potions of curing
 f - 12 potions of heal wounds
 g - a potion of speed
 h - 4 potions of magic
 i - 3 potions of berserk rage
 m - 2 potions of invisibility
 w - a potion of might
 x - a potion of agility


   Skills:
 + Level 10.5 Fighting
 - Level 16.2 Long Blades
 + Level 10.6 Armour
 - Level 15.2 Shields


You had 8 spell levels left.
You didn't know any spells.

Dungeon Overview and Level Annotations

Branches:
Dungeon (1/1)

Altars:
Ashenzari
Cheibriados
Elyvilon
Fedhas
Kikubaaqudgha
Makhleb
Nemelex Xobeh
Okawaru
Sif Muna
Trog
Vehumet
Xom
Yredelemnul
Zin
the Shining One
Beogh
Jiyva
Lugonu


Innate Abilities, Weirdness & Mutations

You reflexively headbutt those who attack you in melee.
You have a pair of horns on your head.


Message History

The vampire knight hits you but does no damage.
You block the vampire knight's attack.
The gnoll picks up an uncursed spear.
You hit the vampire knight but do no damage.
The vampire knight is moderately damaged.
The vampire knight casts a spell at you.
You suddenly lose the ability to move!
The gnoll hits you but does no damage.
The vampire knight hits you but does no damage.
The vampire knight bites you but does no damage.
The gnoll hits you but does no damage.
The vampire knight gestures at you while chanting.
You resist.
The vampire knight hits you with a great sword!
* * * LOW HITPOINT WARNING * * *
The vampire knight bites you but does no damage.
The gnoll completely misses you.
The vampire knight hits you with a great sword.
* * * LOW HITPOINT WARNING * * *
The vampire knight bites you but does no damage.
The vampire knight hits you with a great sword!
You die...

...'................+
####......#..#......#
+.##................#
#.#####+#####''######
#.##.......##''# ##### ###
#.##.......##..###p..###..+
).##.......##...##...##..#
####...<...###..V##p##..##
..##.......# ##.@)gu.....##
)[##.......###..###'###...#
####.......##.(##.....##..#
..###########..+.......'..+
.############..##.....##..#
.#....#.![[###..###'###...#
'#....#..[[# ##..........##
.'....'=...# #...##'##..##
)#)...#!.))##...##...##..#


You could see a vampire knight (invisible), a flayed ghost, a red ugly thing and
a gnoll.

Vanquished Creatures
  A sea snake (D)
  A cyclops (D)
  An elephant (D)
  An orange demon (D)
  A hellwing (D)
  A demonic crawler (D)
  A snapping turtle (D)
  A flying skull (D)
  A deep elf fighter (D)
  A steam dragon (D)
  A black bear (D)
  A rotting devil (D)
  A warg (D)
  A giant frog (D)
  A gnoll sergeant (D)
  A brain worm (D)
  An orc priest (D)
  Crazy Yiuf (D)
  A gnoll shaman (D)
  2 sheep (D)
  An orc wizard (D)
  A worker ant (D)
  7 gnolls (D)
  2 giant mites (D)
  A white imp (D)
  2 ufetubi (D)
  2 oozes (D)
  4 orcs (D)
  2 bats (D)
  A giant cockroach (D)
  A quokka (D)
  2 giant newts (D)
47 creatures vanquished.

Notes
Turn   | Place    | Note
--------------------------------------------------------------
     0 | D        | Daniel, the Minotaur Fighter, began the quest for the Orb.
     0 | D        | Reached XP level 1. HP: 19/19 MP: 0/0
     9 | D        | Noticed a brain worm
    14 | D        | Killed a brain worm
    14 | D        | Reached skill level 9 in Long Blades
    14 | D        | Reached XP level 2. HP: 23/26 MP: 0/0
    14 | D        | Reached XP level 3. HP: 29/33 MP: 1/1
    49 | D        | Found a sparkling altar of Nemelex Xobeh.
    49 | D        | Found a shimmering altar of Xom.
    49 | D        | Found a deep blue altar of Sif Muna.
    49 | D        | Found a burning altar of Makhleb.
    49 | D        | Found an ancient bone altar of Kikubaaqudgha.
    49 | D        | Found a basalt altar of Yredelemnul.
    50 | D        | Found an iron altar of Okawaru.
    50 | D        | Found a roughly hewn altar of Beogh.
    50 | D        | Found a viscous altar of Jiyva.
    50 | D        | Found a corrupted altar of Lugonu.
    50 | D        | Found a glowing silver altar of Zin.
    50 | D        | Found a radiant altar of Vehumet.
    50 | D        | Found a blossoming altar of Fedhas.
    50 | D        | Found a snail-covered altar of Cheibriados.
    50 | D        | Found a white marble altar of Elyvilon.
    50 | D        | Found a bloodstained altar of Trog.
    50 | D        | Found a glowing golden altar of the Shining One.
    50 | D        | Found a shattered altar of Ashenzari.
    59 | D        | Became a worshipper of Warmaster Okawaru
    90 | D        | Reached XP level 4. HP: 30/39 MP: 1/1
   174 | D        | Reached skill level 10 in Long Blades
   407 | D        | Noticed Crazy Yiuf
   421 | D        | Killed Crazy Yiuf
   421 | D        | Reached skill level 11 in Long Blades
   430 | D        | Noticed a gnoll shaman
   431 | D        | Noticed a worker ant
   447 | D        | Reached skill level 12 in Long Blades
   447 | D        | Reached XP level 5. HP: 44/46 MP: 1/1
   450 | D        | Killed a worker ant
   456 | D        | Killed a gnoll shaman
   456 | D        | Reached skill level 13 in Long Blades
   473 | D        | Acquired Okawaru's first power
   478 | D        | Noticed a giant frog
   484 | D        | Killed a giant frog
   484 | D        | Reached skill level 14 in Long Blades
   484 | D        | Reached XP level 6. HP: 36/52 MP: 2/2
   577 | D        | Noticed a flying skull
   581 | D        | Killed a flying skull
   581 | D        | Reached skill level 16 in Long Blades
   583 | D        | Noticed an elephant
   602 | D        | Killed an elephant
   602 | D        | Reached skill level 10 in Shields
   602 | D        | Reached XP level 7. HP: 17/59 MP: 2/2
   808 | D        | Noticed a rotting devil
   821 | D        | Killed a rotting devil
   829 | D        | Noticed an orc priest
   829 | D        | Noticed an orc wizard
   829 | D        | Noticed a warg
   829 | D        | Noticed a sea snake
   848 | D        | Killed a sea snake
   848 | D        | Reached XP level 8. HP: 32/66 MP: 2/2
   852 | D        | Killed an orc priest
   860 | D        | Killed a warg
   869 | D        | Killed an orc wizard
   984 | D        | Got the +2,+2 scimitar of Goddil {slice, rPois rF+ SInv}
  1148 | D        | Noticed an agate snail
  1148 | D        | Noticed a seven-headed hydra
  1265 | D        | Noticed a snapping turtle
  1278 | D        | Killed a snapping turtle
  1278 | D        | Reached skill level 15 in Shields
  1283 | D        | Noticed a hellwing
  1310 | D        | Killed a hellwing
  1310 | D        | Reached skill level 5 in Fighting
  1310 | D        | Reached skill level 5 in Armour
  1424 | D        | Noticed a steam dragon
  1434 | D        | Killed a steam dragon
  1434 | D        | Reached XP level 9. HP: 62/74 MP: 3/3
  1437 | D        | Noticed a deep elf fighter
  1437 | D        | Noticed a cyclops
  1459 | D        | Killed a deep elf fighter
  1469 | D        | Killed a cyclops
  1576 | D        | Noticed a black bear
  1584 | D        | Killed a black bear
  1585 | D        | Noticed an orange demon
  1586 | D        | Noticed a demonic crawler
  1596 | D        | Killed an orange demon
  1602 | D        | Killed a demonic crawler
  1602 | D        | Reached skill level 10 in Fighting
  1602 | D        | Reached skill level 10 in Armour
  1618 | D        | Noticed a flayed ghost
  1618 | D        | Noticed a gnoll sergeant
  1633 | D        | Noticed a vampire knight
  1636 | D        | Noticed a red ugly thing
  1641 | D        | Killed a gnoll sergeant
  1647 | D        | Paralysed by a vampire knight for 7 turns
  1651 | D        | Slain by a vampire knight

Action                   |  1- 3 |  4- 6 |  7- 9 || total
-------------------------+-------+-------+-------++-------
Melee: Falchion          |    10 |    21 |       ||    31
       Long sword        |       |    62 |    70 ||   132
       Scimitar          |       |       |    56 ||    56
       Morningstar       |       |       |     6 ||     6
Invok: Heroism           |       |       |     1 ||     1
Evoke: Wand              |       |       |     1 ||     1
  Use: Potion            |       |       |     1 ||     1
